 Dungeon Crawl Stone Soup version 0.28-a0-803-g74956062c1 (webtiles) character file.

Game seed: 14302698574363439916

2387 Astera the Covert (level 9, -8/54 HPs)
             Began as a Kobold Delver on Nov 6, 2021.
             Was an Initiate of Ashenzari.
             Killed from afar by a steam dragon (20 damage)
             ... with a ball of steam
             ... on level 7 of the Dungeon on Nov 7, 2021.
             The game lasted 00:43:33 (9448 turns).

Astera the Covert (Kobold Delver)                   Turns: 9448, Time: 00:43:33

Health: -8/54      AC:  4    Str: 10    XL:     9   Next: 74%
Magic:  0/9        EV: 16    Int: 11    God:    Ashenzari [......]
Gold:   344        SH:  8    Dex: 19    Spells: 8/8 levels left

rFire   . . .      SeeInvis .   j - +2 dagger (speed)
rCold   + . .      Faith    .   p - +2 buckler
rNeg    . . .      Spirit   +   b - +0 leather armour "Cursed Desperation" {Elem, Bglg} (curse)
rPois   .          Reflect  .   F - +0 hat
rElec   .          Harm     .   h - scarf {shadows}
rCorr   .          Rampage  .   s - +0 pair of gloves
Will    +....                   (no boots)
Stlth   ++++++....              B - amulet of guardian spirit
HPRegen 0.18/turn               w - ring of willpower
MPRegen 0.11/turn               E - ring of protection from cold

@: no status effects
A: small, no large weapons, nightstalker 3
a: Renounce Religion, Shatter the Chains


You were on level 7 of the Dungeon.
You worshipped Ashenzari.
Ashenzari was noncommittal.
You visited 2 branches of the dungeon, and saw 8 of its levels.

You collected 344 gold pieces.

Inventory:

Hand Weapons
 j - a +2 dagger of speed (weapon)
 m - a +4 dagger
 r - a +1 dagger of holy wrath
Missiles
 n - 4 javelins
 A - 5 throwing nets (quivered)
 C - 6 curare-tipped darts
Armour
 b - the cursed +0 leather armour "Cursed Desperation" (worn) {Elem, Bglg}

   It has a curse which improves the following skills: Elements: Fire Magic, Ice
   Magic, Air Magic and Earth Magic.
   Beguiling: Conjurations, Hexes and Translocations.
 h - a scarf of shadows (worn)
 p - a +2 buckler (worn)
 s - a +0 pair of gloves (worn)
 F - a +0 hat (worn)
Jewellery
 w - a ring of willpower (left hand)
 B - an amulet of guardian spirit (around neck)
 E - a ring of protection from cold (right hand)
Wands
 a - a wand of paralysis (9)
 g - a wand of digging (3)
 i - a wand of flame (16)
Scrolls
 c - a scroll of fog
 d - 2 scrolls of enchant weapon {unknown}
 e - a scroll of fear
 l - a scroll of enchant armour {unknown}
 q - a scroll of vulnerability {unknown}
 v - a scroll of teleportation {unknown}
 y - a scroll of holy word {unknown}
Potions
 f - 2 potions of haste
 k - a potion of magic
 o - a potion of might {unknown}
 t - a potion of lignification {unknown}
 x - a potion of mutation {unknown}
 z - 4 potions of curing
 D - a potion of attraction {unknown}


   Skills:
 + Level 5.6 Fighting
 + Level 8.1 Short Blades
 - Level 3.0 Throwing
 + Level 3.3 Armour
 + Level 5.1 Dodging
 + Level 11.8 Stealth
 + Level 2.5 Shields


You had 8 spell levels left.
You didn't know any spells.
Your spell library contained the following spells:

 Spells                   Type           Power      Damage    Failure   Level
 Call Canine Familiar     Summ           0%         N/A       88%         3
 Frozen Ramparts          Ice            0%         1d2       88%         3
 Mephitic Cloud           Conj/Pois/Air  0%         N/A       88%         3
 Ice Form                 Ice/Tmut       0%         N/A       99%         4
 Summon Ice Beast         Ice/Summ       0%         N/A       99%         4
 Summon Forest            Summ/Tloc      0%         N/A       100%        5
 Eringya's Noxious Bog    Tmut/Pois      0%         N/A       100%        6
 Summon Hydra             Summ           0%         N/A       100%        7


Dungeon Overview and Level Annotations

Branches:
Dungeon (6/15)             Temple (1/1) D:5

Altars:
Ashenzari
Cheibriados
Dithmenos
Elyvilon
Fedhas
Gozag
Kikubaaqudgha
Makhleb
Nemelex Xobeh
Okawaru
Qazlal
Ru
Sif Muna
Trog
Uskayaw
Vehumet
Wu Jian
Xom
Yredelemnul
Zin
The Shining One

Shops:
D:6 *

Annotations:
D:6 1 runed translucent door, benitares's ghost, novice OgBe


Innate Abilities, Weirdness & Mutations

You are small and have problems with some larger weapons.
You are completely attuned to the shadows.


Message History

The steam dragon claws you but does no damage.
You hit the steam dragon.
The steam dragon is heavily wounded.
The steam dragon breathes steam at you. The ball of steam misses you.
You are engulfed in a cloud of scalding steam.
Items here: )) [ †.
You barely miss the steam dragon.
The steam dragon is heavily wounded.
You closely miss the steam dragon.
The steam dragon is heavily wounded.
The steam dragon bites you. The steam dragon closely misses you.
You hit the steam dragon.
The steam dragon is heavily wounded.
You hit the steam dragon but do no damage.
The steam dragon is heavily wounded.
The steam dragon bites you. You block the steam dragon's attack.
You barely miss the steam dragon.
The steam dragon is heavily wounded.
You hit the steam dragon but do no damage.
The steam dragon is heavily wounded.
You block the steam dragon's attack. The steam dragon misses you.
You hit the steam dragon.
The steam dragon is severely wounded.
You closely miss the steam dragon.
The steam dragon is severely wounded.
The steam dragon breathes steam at you. The ball of steam hits you!!
You hear a shout!
You are engulfed in a cloud of scalding steam.
* * * LOW HITPOINT WARNING * * *
You hit the steam dragon but do no damage.
The steam dragon is severely wounded.
You closely miss the steam dragon.
The steam dragon is severely wounded.
You hit the steam dragon but do no damage.
The steam dragon is severely wounded.
The steam dragon breathes steam at you. The ball of steam hits you!!
You die...

####..##.##.##
#..##.(.....
#..#.......#
#..#.###.#.#
#.........
#...........
####.##.....
####........
#......@§...
#.##.###D... #
##D##§##.
##§#)#.#
##..... ##.###
#......
#.#.### .....


You could see a steam dragon (catching breath).

Vanquished Creatures
  Grinder (D:3)
  Eustachio (D:4)
  2 sky beasts
  4 ogres
  2 necrophages
  2 phantoms (D:5)
  A bullfrog (D:7)
  5 scorpions
  A wyvern skeleton (D:6)
  A water moccasin skeleton (D:5)
  2 jellies
  A centaur zombie (D:7)
  2 orc priests
  4 hounds
  A bullfrog skeleton (D:5)
  A gnoll shaman (D:5)
  2 orc wizards
  3 iguanas
  6 adders
  9 gnolls
  2 ufetubi
  A worm (D:3)
  3 dart slugs
  21 orcs
  5 ball pythons
  9 endoplasms
  7 giant cockroaches
  6 goblins
  8 hobgoblins
  9 jackals
  4 quokkas
  A bat (D:2)
  4 frilled lizards
  5 kobolds
  8 rats
144 creatures vanquished.

Vanquished Creatures (others)
  A plant (D:2)
  9 withered plants (D:7)
10 creatures vanquished.

Grand Total: 154 creatures vanquished

Notes
Turn   | Place    | Note
-------+----------+-------------------------------------------
     0 | D:5      | Astera the Kobold Delver began the quest for the Orb.
     0 | D:5      | Reached XP level 1. HP: 14/14 MP: 1/1
    34 | D:4      | Reached skill level 7 in Stealth
    34 | D:4      | Reached XP level 2. HP: 5/19 MP: 2/2
   477 | D:3      | Found a radiant altar of Vehumet.
   479 | D:3      | Reached XP level 3. HP: 23/23 MP: 3/3
   995 | D:3      | Reached XP level 4. HP: 17/28 MP: 4/4
  1312 | D:2      | Got the Compendium of Paper
  1721 | D:1      | Reached skill level 8 in Stealth
  2040 | D:1      | Reached XP level 5. HP: 32/32 MP: 5/5
  2347 | D:1      | Found a faded altar of an unknown god.
  3268 | D:3      | Upgraded the game from 0.28-a0-796-gd4f0d3f9b2 to
                  | 0.28-a0-803-g74956062c1
  3555 | D:3      | Noticed Grinder
  3568 | D:3      | Killed Grinder
  3569 | D:3      | Reached skill level 1 in Armour
  3569 | D:3      | Reached skill level 9 in Stealth
  3569 | D:3      | Reached XP level 6. HP: 38/38 MP: 6/6
  3608 | D:3      | Found a sparkling altar of Nemelex Xobeh.
  3763 | D:3      | Reached XP level 7. HP: 25/42 MP: 7/7
  4342 | D:4      | Found a basalt altar of Yredelemnul.
  4603 | D:4      | Noticed Eustachio
  4606 | D:4      | Killed Eustachio
  4607 | D:4      | Reached skill level 5 in Short Blades
  4607 | D:4      | Reached skill level 10 in Stealth
  4607 | D:4      | Reached skill level 1 in Shields
  5480 | D:5      | Reached XP level 8. HP: 48/48 MP: 8/8
  5585 | D:5      | Found a shimmering blue altar of Sif Muna.
  6819 | D:5      | Found a stormy altar of Qazlal.
  7173 | D:5      | Found a staircase to the Ecumenical Temple.
  7178 | Temple   | Entered the Ecumenical Temple
  7423 | Temple   | Became a worshipper of Ashenzari the Shackled
  7728 | D:5      | Reached skill level 1 in Throwing
  7829 | D:5      | Reached skill level 5 in Fighting
  7829 | D:5      | Reached skill level 11 in Stealth
  7829 | D:5      | Reached XP level 9. HP: 54/54 MP: 9/9
  7840 | D:5      | Found a glowing golden altar of the Shining One.
  7905 | D:5      | Found a snail-covered altar of Cheibriados.
  8316 | D:6      | Found Muni's Assorted Antiques.
  8564 | D:6      | Found a runed translucent door.
  8564 | D:6      | Found a shimmering altar of Xom.
  8564 | D:6      | Noticed benitares's ghost (novice OgBe)
  8564 | D:6      | Noticed a +2 war axe of chaos
  9200 | D:6      | Reached skill level 5 in Dodging
  9220 | D:6      | You fall into a shaft and drop 1 floor!
  9448 | D:7      | Killed from afar by a steam dragon

Illustrated notes

Levels and vault maps discovered:
D:1:      psy_arrival_radial01, layout_rooms, chequers_ecumenical_altar_grove
D:2:      layout_basic, serial_forest, infiniplex_forest_clump_small,
          infiniplex_forest_diagonal, infiniplex_forest_side_room,
          infiniplex_forest_straight_4, infiniplex_forest_zigzag_1,
          infiniplex_forest_side_room, infiniplex_forest_lined_2,
          infiniplex_forest_straight_1, infiniplex_forest_lined_2,
          lemuel_another_geyser
D:3:      cheibrodos_greedy_goblins, layout_basic, marbit_many_paths,
          mainiacjoe_overflow_alcove_2, moated_statue, chequers_mini_garden,
          minmay_misc_feat_four_crosses, uniq_grinder
D:4:      layout_rooms, nicolae_overflow_hidden_temple,
          chequers_ossuary_entry_cave, uniq_eustachio
D:5:      layout_basic, tso_altar, nicolae_qazlal_general_emergency,
          mainiacjoe_overflow_catwalk, mainiacjoe_overflow_cross_hatched,
          minmay_temple_entry_waves, minmay_pentangle
D:6:      layout_loops_ring, serial_shops, nicolae_stop_n_shop_2,
          ebering_ghost_xom
D:7:      cheibrodos_grave_circle, layout_loops_cross
Temple:   minmay_temple_curvy_branch

Skill      XL: |  1  2  3  4  5  6  7  8  9 |
---------------+----------------------------+-----
Stealth        | 7 8 9 10 11 | 11.8
Short Blades   | 3 4 5 6 8 |  8.1
Armour         | 1 2 3 |  3.3
Dodging        | 3 4 5 |  5.1
Fighting       | 4 5 |  5.6
Shields        | 1 2 |  2.5
Throwing       | 1 3 |  3.0

Action                   |  1- 3 |  4- 6 |  7- 9 || total
-------------------------+-------+-------+-------++-------
Melee: Short sword       |    17 |       |       ||    17
       Dagger            |    36 |   151 |   521 ||   708
Invok: Curse Item        |       |       |     1 ||     1
  Use: Scroll            |       |       |     3 ||     3
 Stab: Sleeping          |     5 |    39 |    24 ||    68
       Distracted        |       |       |     2 ||     2
Armor: Leather armour    |     5 |    13 |    26 ||    44
Dodge: Dodged            |    19 |    31 |   159 ||   209
Block: Buckler           |       |    14 |   102 ||   116

Table legend: (Time is in decaauts)
 A = Elapsed time spent in this place.
 B = Non-inter-level travel time spent in this place.
 C = Inter-level travel time spent in this place.
 D = Time resting spent in this place.
 E = Time spent auto-exploring this place.
 F = Levels seen in this place.
 G = Mean time per level.
                   A        B        C        D        E       F      G
               +--------+--------+--------+--------+--------+-----+--------+
         Total |   9128 |   8778 |    350 |   1792 |   2512 |   8 | 1141.0 |
       Dungeon |   8759 |   8416 |    343 |   1792 |   2187 |   7 | 1251.3 |
        Temple |    368 |    361 |      7 |      0 |    325 |   1 |  368.0 |
               +--------+--------+--------+--------+--------+-----+--------+

Top non-repeatable levels by time:
     D:3: 2241 daAuts
     D:5: 1844 daAuts
     D:4: 1805 daAuts
     D:2: 1178 daAuts
     D:1: 787 daAuts
     D:6: 732 daAuts
  Temple: 368 daAuts
     D:7: 170 daAuts
